 Dungeon Crawl Stone Soup version 0.29-a0-982-gaed3a0c8d8 (webtiles) character file.

Game seed: 3020938480850121076

23079 Turgor the Cleaver (level 12, -17/85 (94) HPs)
             Began as a Demonspawn Gladiator on Aug 1, 2022.
             Was a High Priest of Cheibriados.
             Demolished by Urug
             ... wielding a +2 broad axe
              (27 damage)
             ... on level 13 of the Dungeon.
             The game lasted 01:43:04 (15726 turns).

Turgor the Cleaver (Demonspawn Gladiator)          Turns: 15726, Time: 01:43:05

HP:   -17/85 (94)   AC: 15    Str: 28    XL:     12   Next: 68%
MP:   0/20          EV: 15    Int: 36    God:    Cheibriados [*****.]
Gold: 478           SH:  0    Dex: 37    Spells: 8/21 levels left

rFire   . . .      SeeInvis +   I - +5 broad axe of Vitixza {pain, *Rage Fly rPois Int+5}
rCold   . . .      Faith    +   (no shield)
rNeg    . . .      Spirit   +   r - +3 leather armour "Xatol" {+Blink Str+3 SInv}
rPois   +          Reflect  .   (helmet restricted)
rElec   +          Harm     .   d - +0 cloak
rCorr   .          Rampage  .   y - +0 pair of gloves
Will    .....      Rage     20% N - +0 pair of boots
Stlth   +++.......              O - amulet of Asceticism {Faith rElec Regen+ Str-5 Dex+8}
HPRegen 1.04/turn               f - ring of wizardry
MPRegen 0.34/turn               t - +4 ring of protection

@: spiked, on berserk cooldown, flying, slowed, studying Ice Magic, drained,
very slow
A: antennae 2, demonic guardian 1, magic shield, magic regeneration, big brain 2
a: Renounce Religion, Evoke Blink, Bend Time, Temporal Distortion, Slouch, Step
From Time


You were on level 13 of the Dungeon.
You worshipped Cheibriados.
Cheibriados was extremely pleased with you.
You visited 1 branch of the dungeon, and saw 13 of its levels.
You also visited: Bailey.

You collected 830 gold pieces.
You spent 352 gold pieces at shops.

Inventory:

Hand Weapons
 c - a +2 shortbow of freezing
 p - the +7 shortbow of Departure {venom, Contam rF+ rN+ Int+4}
   (You found it in a bailey)

   Any ammunition fired from it poisons the flesh of those it strikes.
   Int:       It affects your intelligence (+4).
   rF:        It protects you from fire.
   rN:        It protects you from negative energy.
   Contam:    It causes magical contamination when unequipped.
 I - the +5 broad axe of Vitixza (weapon) {pain, *Rage Fly rPois Int+5}
   (You found it on level 6 of the Dungeon)

   In the hands of one skilled in necromantic magic, it inflicts extra damage on
   living creatures.
   Int:       It affects your intelligence (+5).
   rPois:     It protects you from poison.
   Fly:       It grants you flight.
   *Rage:     It berserks you when you make melee attacks (+20% chance).
Missiles
 e - 11 javelins
 A - 3 curare-tipped darts
 L - 33 poisoned darts (quivered)
 M - a throwing net
Armour
 d - a +0 cloak (worn)
 k - the +3 leather armour of Patzat {Fly Int+4}
   (You found it on level 4 of the Dungeon)

   Int:       It affects your intelligence (+4).
   Fly:       It grants you flight.
 r - the +3 leather armour "Xatol" (worn) {+Blink Str+3 SInv}
   (You bought it in a shop on level 10 of the Dungeon)

   Str:       It affects your strength (+3).
   SInv:      It lets you see invisible.
   +Blink:    It lets you blink.
 y - a +0 pair of gloves (worn)
 N - a +0 pair of boots (worn)
 P - a +4 ring mail of fire resistance
Magical Staves
 S - a staff of air
 T - a staff of fire
Jewellery
 f - a ring of wizardry (left hand)
 t - a +4 ring of protection (right hand)
 E - an amulet of magic regeneration
 O - the amulet of Asceticism (around neck) {Faith rElec Regen+ Str-5 Dex+8}
   (You found it on level 8 of the Dungeon)

   [amulet of faith]

   It allows you to gain divine favour quickly.
   Str:       It affects your strength (-5).
   Dex:       It affects your dexterity (+8).
   rElec:     It insulates you from electricity.
   Regen:     It increases your rate of health regeneration.
 Q - a ring of resist corrosion
 R - a +4 ring of evasion
Wands
 b - a wand of iceblast (14)
 i - a wand of digging (11)
 n - a wand of mindburst (10)
 u - a wand of paralysis (27)
 w - a wand of polymorph (8)
 W - a wand of flame (18)
Scrolls
 g - a scroll of fear
 h - a scroll of torment {unknown}
 l - 2 scrolls of enchant armour
 m - 3 scrolls of enchant weapon {unknown}
 o - a scroll of blinking {unknown}
 q - 3 scrolls of teleportation
 s - 6 scrolls of immolation
 v - 5 scrolls of poison
 B - 3 scrolls of vulnerability {unknown}
 C - 3 scrolls of amnesia {unknown}
 D - a scroll of silence {unknown}
 G - a scroll of summoning {unknown}
Potions
 a - 2 potions of attraction
 j - 3 potions of might
 x - 3 potions of mutation
 z - 4 potions of lignification
 F - a potion of heal wounds
 H - 2 potions of ambrosia
 J - a potion of curing
 K - 3 potions of cancellation
 V - a potion of brilliance {unknown}
Miscellaneous
 U - a phantom mirror (inert)


   Skills:
 + Level 8.6 Fighting
 * Level 11.3 Axes
 + Level 4.5 Ranged Weapons
 - Level 2.0 Throwing
 + Level 7.7 Armour
 - Level 3.0 Dodging
 + Level 5.3 Spellcasting
 + Level 4.0 Summonings
 - Level 7.4 Necromancy
 + Level 7.6 Invocations
 + Level 4.5 Evocations


You had 8 spell levels left.
You knew the following spells:

 Your Spells              Type           Power      Damage    Failure   Level
a - Necrotise             Necr           100%       1d9       1%          1
b - Call Canine Familiar  Summ           38%        N/A       1%          3
c - Vampiric Draining     Necr           58%        2d10      1%          3
d - Summon Cactus Giant   Summ           19%        N/A       43%         6

Your spell library contained the following spells:

 Spells                   Type           Power      Damage    Failure   Level
 Scorch                   Fire           18%        2d5       2%          2
 Agony                    Necr           58%        N/A       2%          5
 Portal Projectile        Hex/Tloc       18%        N/A       4%          3
 Flame Wave               Conj/Fire      9%         2d6       16%         4
 Leda's Liquefaction      Hex/Erth       4%         N/A       16%         4
 Blade Hands              Tmut           4%         N/A       41%         5
 Irradiate                Conj/Tmut      4%         3d13      41%         5
 Lee's Rapid Deconstruct  Erth           4%         3d6*      41%         5
 Statue Form              Tmut/Erth      6%         N/A       91%         6
 Dragon Form              Tmut           4%         N/A       100%        7


Dungeon Overview and Level Annotations

Branches:
Dungeon (13/15)            Temple (0/1) D:7            Lair (0/5) D:11
    Orc (0/2) D:12         Bailey (visited)
 Vaults: D:13-14

Altars:
Cheibriados
Fedhas
Gozag
Kikubaaqudgha
Makhleb
Nemelex Xobeh
Okawaru
Trog
Wu Jian
Xom

Shops:
D:2 [   D:9 :   D:10 *

Annotations:
D:13 Frances, Urug


Innate Abilities, Weirdness & Mutations

You have a pair of antennae on your head.
A weak demonic guardian rushes to your aid.
When hurt, damage is shared between your health and your magic reserves.
You regenerate magic rapidly.
You have an extremely huge brain. (Int +4)


Message History

* * * LOW HITPOINT WARNING * * *
You feel drained.
* * * LOW HITPOINT WARNING * * *
Unknown command.
You barely miss the soul eater.
The soul eater is almost dead.
The soul eater hits you but does no damage.
Unknown command.
You feel much better.
The soul eater hits you but does no damage.
The soul eater hits you.
As you read the scroll of teleportation, it crumbles to dust.
You feel strangely unstable. The soul eater hits you!
You closely miss the soul eater.
The soul eater is almost dead.
Your surroundings suddenly seem different.
A red devil, a hellwing and Urug come into view.
The red devil is wielding a +1 vampiric trident.
Found a scroll of fear.
Found an escape hatch in the ceiling.
Okay, then.
A soul eater comes into view.
Urug shouts!
The soul eater draws from the surrounding life force!
A red devil comes into view. It is wielding a +0 trident.
Urug closely misses you. Urug hits you with a +2 broad axe.
Unknown command.
Unknown command.
The red devil hits you from afar with a +1 vampiric trident.
* * * LOW HITPOINT WARNING * * *
A demonic guardian appears!
Barbed spikes become lodged in your body.
Urug closely misses you.
Urug hits your white imp with a +2 broad axe!
Your white imp dies!
Your white imp disappears in a puff of smoke!
Urug hits you with a +2 broad axe!!
* * * LOW HITPOINT WARNING * * *
The red devil hits you but does no damage.
The red devil misses you. Urug hits you with a +2 broad axe!!
You die...

#.......#
###+##.......#
#............
#.....44....
#.......3.#
#.....4...+
#....o....#
+...ยง.@...#
#........?#
########+##


You could see Urug, a soul eater, a hellwing (wandering) and 2 red devils.

Vanquished Creatures
  A hydra (D:12)
  2 boulder beetles (D:12)
  Erolcha (D:10)
  A catoblepas (D:11)
  Erica (D:8)
  A two-headed ogre (D:12)
  A flayed ghost (D:8)
  Pikel (D:7)
  A deep elf zephyrmancer (Bailey)
  2 orc knights
  A manticore (D:9)
  2 ugly things
  A rust devil (D:13)
  Joseph (D:10)
  A smoke demon (D:13)
  An orange demon (D:13)
  Maggie (D:8)
  3 kobold demonologists
  An ice devil (D:13)
  Psyche (D:8)
  A tengu conjurer (D:12)
  A troll (D:11)
  Prince Ribbit (D:6)
  Grinder (D:3)
  4 shadows
  A water elemental (D:12)
  6 wraiths
  18 yaks
  A vampire (D:12)
  Eustachio (D:5)
  A fire bat (D:8)
  A chaos spawn (D:13)
  12 vampire mosquitoes
  3 steam dragons
  2 acid dragons
  A water moccasin (D:6)
  13 orc warriors
  A sky beast (D:6)
  2 lemures (D:7)
  4 centaurs
  2 ogres
  4 kobold brigands (D:12)
  A bullfrog (D:7)
  3 necrophages
  A scorpion (D:5)
  3 wights (D:9)
  19 killer bees
  A howler monkey (D:6)
  8 orc priests
  5 jellies
  Crazy Yiuf (D:3)
  A gnoll bouda (D:8)
  6 hounds
  Ijyb (D:3)
  Natasha (D:3)
  2 iguanas (D:5)
  8 orc wizards
  8 gnolls
  8 adders
  A river rat (D:12)
  A shadow imp (D:7)
  2 white imps (D:7)
  An ufetubus (D:5)
  3 worms
  A dart slug (D:1)
  45 orcs
  6 ball pythons
  8 endoplasms
  4 giant cockroaches
  12 goblins
  10 hobgoblins
  5 jackals
  14 kobolds
  2 quokkas
  14 bats
  4 frilled lizards (D:1)
  8 rats
324 creatures vanquished.

Vanquished Creatures (collateral kills)
  A two-headed ogre (D:12)
  3 gnolls (D:2)
4 creatures vanquished.

Vanquished Creatures (others)
  2 demonic plants (D:13)
  3 plants (D:1)
5 creatures vanquished.

Grand Total: 333 creatures vanquished

Notes
Turn   | Place    | Note
-------+----------+-------------------------------------------
     0 | D:1      | Turgor the Demonspawn Gladiator began the quest for the
                  | Orb.
     0 | D:1      | Reached XP level 1. HP: 16/16 MP: 1/1
   308 | D:1      | Gained mutation: You regenerate magic rapidly. [demonic
                  | ancestry]
   308 | D:1      | Reached XP level 2. HP: 21/22 MP: 2/2
   312 | D:1      | Found a faded altar of an unknown god.
   511 | D:1      | Reached skill level 3 in Axes
   867 | D:1      | Gained mutation: A weak demonic guardian rushes to your
                  | aid. [demonic ancestry]
   867 | D:1      | Reached XP level 3. HP: 10/28 MP: 3/3
  1567 | D:2      | Reached skill level 1 in Armour
  1569 | D:2      | Found Paemp's Armour Emporium.
  1719 | D:2      | Gained mutation: When hurt, damage is shared between your
                  | health and your magic reserves. [demonic ancestry]
  1719 | D:2      | Reached XP level 4. HP: 31/34 MP: 4/4
  2120 | D:2      | Reached skill level 4 in Axes
  2647 | D:3      | Gained mutation: You have an unusually large brain. (Int
                  | +2) [demonic ancestry]
  2647 | D:3      | Reached XP level 5. HP: 40/40 MP: 5/5
  2706 | D:3      | Found a runed translucent door.
  2707 | D:3      | Noticed Crazy Yiuf
  2743 | D:3      | Noticed Ijyb
  2756 | D:3      | Killed Ijyb
  2826 | D:3      | Killed Crazy Yiuf
  3240 | D:3      | Found a snail-covered altar of Cheibriados.
  3248 | D:3      | Became a worshipper of Cheibriados the Contemplative
  3367 | D:3      | Noticed Grinder
  3378 | D:3      | Killed Grinder
  3379 | D:3      | Reached skill level 5 in Axes
  3379 | D:3      | Reached XP level 6. HP: 28/48 MP: 3/6
  3565 | D:3      | Noticed Natasha
  3574 | D:3      | Killed Natasha
  4070 | D:4      | Gained mutation: You have a pair of small antennae on your
                  | head. [demonic ancestry]
  4070 | D:4      | Reached XP level 7. HP: 15/54 MP: 2/7
  4412 | D:4      | Reached * piety under Cheibriados
  4608 | D:4      | Learned a level 1 spell: Necrotise
  4647 | D:4      | Found a bloodstained altar of Trog.
  5017 | D:4      | Found an iron altar of Okawaru.
  5075 | D:4      | Found a shimmering altar of Xom.
  5179 | D:5      | Entered Level 5 of the Dungeon
  5247 | D:5      | Reached skill level 6 in Axes
  5406 | D:5      | Noticed Eustachio
  5495 | D:5      | Reached ** piety under Cheibriados
  5557 | D:5      | Killed Eustachio
  5558 | D:5      | Reached XP level 8. HP: 37/61 MP: 8/8
  5671 | D:5      | Reached skill level 5 in Fighting
  6019 | D:6      | Reached skill level 7 in Axes
  6676 | D:6      | Learned a level 3 spell: Call Canine Familiar
  6692 | D:6      | Found an ornate altar of the Wu Jian Council.
  7031 | D:6      | Noticed Prince Ribbit
  7048 | D:6      | Reached skill level 5 in Armour
  7050 | D:6      | Killed Prince Ribbit
  7051 | D:6      | Reached skill level 8 in Axes
  7051 | D:6      | Gained mutation: You have an extremely huge brain. (Int +4)
                  | [demonic ancestry]
  7051 | D:6      | Reached XP level 9. HP: 39/69 MP: 9/9
  7196 | D:6      | Found a sparkling altar of Nemelex Xobeh.
  7196 | D:6      | Found a transporter.
  7213 | D:6      | Identified the +5 broad axe of Vitixza {pain, *Rage Fly
                  | rPois Int+5}
  7374 | D:6      | Paralysed by something for 3 turns
  7378 | D:6      | Reached *** piety under Cheibriados
  7441 | D:7      | Found an ancient bone altar of Kikubaaqudgha.
  7448 | D:7      | Noticed Pikel
  7470 | D:7      | Killed Pikel
  7471 | D:7      | Reached skill level 1 in Spellcasting
  7471 | D:7      | Reached skill level 1 in Invocations
  7838 | D:7      | Found a flagged portal.
  7883 | Bailey   | Entered a bailey
  8065 | Bailey   | Learned a level 3 spell: Vampiric Draining
  8137 | Bailey   | Noticed an orc knight
  8265 | Bailey   | Killed an orc knight
  8271 | Bailey   | Found a large runed translucent door.
  8271 | Bailey   | Found a large runed translucent door.
  8272 | Bailey   | Noticed a deep elf zephyrmancer
  8282 | Bailey   | Reached skill level 9 in Axes
  8357 | Bailey   | Killed a deep elf zephyrmancer
  8357 | Bailey   | Reached **** piety under Cheibriados
  8358 | Bailey   | Reached XP level 10. HP: 77/77 MP: 13/13
  8365 | Bailey   | Identified the +7 shortbow of Departure {venom, Contam rF+
                  | rN+ Int+4}
  8434 | D:7      | Found a staircase to the Ecumenical Temple.
  8734 | D:8      | Noticed Maggie
  8749 | D:8      | Killed Maggie
  8936 | D:8      | Reached skill level 1 in Ranged Weapons
  8938 | D:8      | Reached skill level 5 in Necromancy
  9098 | D:8      | Found an iron altar of Okawaru.
  9099 | D:8      | Noticed Erica
  9107 | D:8      | Killed Erica
  9179 | D:8      | Found an ancient bone altar of Kikubaaqudgha.
  9194 | D:8      | Found a runed translucent door.
  9196 | D:8      | Found a blossoming altar of Fedhas.
  9199 | D:8      | Reached ***** piety under Cheibriados
  9206 | D:8      | Found an opulent altar of Gozag.
  9215 | D:8      | Noticed a flayed ghost
  9246 | D:8      | Found an opulent altar of Gozag.
  9289 | D:8      | Found a shimmering altar of Xom.
  9449 | D:8      | Noticed Psyche
  9458 | D:8      | Killed Psyche
  9459 | D:8      | Reached skill level 5 in Invocations
  9696 | D:8      | Found a burning altar of Makhleb.
 10015 | D:9      | Found Beakuwk's Book Shop.
 10336 | D:9      | Noticed a manticore
 10344 | D:9      | Killed a manticore
 10345 | D:9      | Gained mutation: You have a pair of antennae on your head.
                  | [demonic ancestry]
 10345 | D:9      | Reached XP level 11. HP: 81/84 MP: 13/16
 10711 | D:9      | Reached skill level 10 in Axes
 11144 | D:10     | Entered Level 10 of the Dungeon
 11144 | D:10     | Found Huelam's Assorted Antiques.
 11147 | D:10     | Bought a scroll labelled TADEUL CAPOARPHA for 32 gold
                  | pieces
 11147 | D:10     | Bought a scroll labelled XAOTRY VEEMN for 32 gold pieces
 11147 | D:10     | Bought a scroll labelled XAOTRY VEEMN for 32 gold pieces
 11147 | D:10     | Bought a scroll labelled ZOAK OCECHISH for 32 gold pieces
 11147 | D:10     | Bought a dazzling leather armour for 224 gold pieces
 11147 | D:10     | Identified the +3 leather armour "Xatol" {+Blink Str+3
                  | SInv} (You bought it in a shop on level 10 of the Dungeon)
 11159 | D:10     | Noticed Joseph
 11167 | D:10     | Killed Joseph
 11603 | D:10     | Reached skill level 1 in Evocations
 11609 | D:10     | Reached skill level 1 in Summonings
 12054 | D:10     | Noticed Erolcha
 12833 | D:4      | Identified the +3 leather armour of Patzat {Fly Int+4}
 12984 | D:8      | Killed a flayed ghost
 12991 | D:8      | Identified the amulet of Asceticism {Faith rElec Regen+
                  | Str-5 Dex+8}
 13128 | D:10     | Killed Erolcha
 13211 | D:10     | Learned a level 6 spell: Summon Cactus Giant
 13212 | D:11     | Noticed a cyan ugly thing
 13215 | D:11     | Killed a cyan ugly thing
 13373 | D:11     | Noticed a catoblepas
 13381 | D:11     | Killed a catoblepas
 13515 | D:11     | Found a staircase to the Lair.
 13682 | D:11     | Reached ****** piety under Cheibriados
 13942 | D:12     | Reached XP level 12. HP: 92/92 MP: 18/18
 14227 | D:12     | Noticed a boulder beetle
 14240 | D:12     | Killed a boulder beetle
 14378 | D:12     | Noticed a boulder beetle
 14390 | D:12     | Killed a boulder beetle
 14596 | D:12     | Noticed a six-headed hydra
 14650 | D:12     | Noticed a two-headed ogre
 14666 | D:12     | Killed a nine-headed hydra
 14669 | D:12     | Killed a two-headed ogre
 14675 | D:12     | Reached skill level 11 in Axes
 14922 | D:12     | Noticed a two-headed ogre
 14926 | D:12     | Killed a two-headed ogre
 14927 | D:12     | Reached skill level 5 in Spellcasting
 15268 | D:12     | Found a staircase to the Orcish Mines.
 15579 | D:13     | Noticed a centaur warrior
 15615 | D:13     | Noticed Frances
 15724 | D:13     | Noticed Urug
 15726 | D:13     | Demolished by Urug

Illustrated notes

Levels and vault maps discovered:
D:1:      kennysheep_arrival_seaside, layout_loops_corners,
          shapermc_ecumenical_altar_acropolis, kennysheep_boxes
D:2:      layout_basic, serial_shops, shop
D:3:      layout_loops_ring, mainiacjoe_overflow_chevrons, uniq_natasha,
          uniq_grinder, uniq_crazy_yiuf_cottage, uniq_ijyb
D:4:      layout_basic, kennysheep_okawaru_gauntlet, mainiacjoe_overflow_swirl,
          serial_glass, glass_columns_b, glass_columns_b, due_unseen_surprise,
          minmay_strange_pillars, minmay_strange_pillars, feat_on_display,
          palyth_stone_intersect, kennysheep_nondescript, solitary_fountain
D:5:      layout_rooms, minmay_manual_monolith, uniq_eustachio
D:6:      layout_rooms, grunt_nemelex_the_gamble,
          pdpol_wu_jian_five_deadly_venoms, uniq_prince_ribbit1
D:7:      layout_gridville, general_overflow_altar,
          minmay_temple_entry_offerings, enter_bailey_3, uniq_pikel
D:8:      due_megacathedral, layout_loops_ring, bloody_makhleb, uniq_psyche,
          uniq_maggie, uniq_erica
D:9:      layout_gridville, serial_shops, nicolae_stop_n_shop_2,
          hangedman_abyss_or_decor_slice, st_stairs_12
D:10:     layout_basic, minmay_strange_pillars, amcnicky_mini_corridor_feature,
          nicolae_stop_n_shop_2, uniq_joseph, uniq_erolcha
D:11:     layout_roguey, lair_entry_dummy
D:12:     layout_loops_ring, erik_orc_2, minmay_misc_feat_cross, minivault_25
D:13:     layout_roguey, serial_demonic, serial_demonic_d, serial_demonic_d,
          serial_demonic_g, serial_demonic_b, serial_demonic_e,
          serial_demonic_a, grunt_ministairs_13, uniq_snorg, uniq_urug,
          uniq_frances

Skill      XL: |  1  2  3  4  5  6  7  8  9 10 11 12 |
---------------+-------------------------------------+-----
Axes           | 3 4 5 6 8 9 10 11 | 11.3
Throwing       | 2 |  2.0
Dodging        | 3 |  3.0
Armour         | 1 2 3 4 5 6 7 |  7.7
Fighting       | 3 4 6 7 8 |  8.6
Spellcasting   | 2 3 4 5 |  5.3
Necromancy     | 4 6 7 |  7.4
Invocations    | 3 5 6 7 |  7.6
Ranged Weapons | 2 3 4 |  4.5
Evocations     | 3 4 |  4.5
Summonings     | 2 4 |  4.0

Action                   |  1- 3 |  4- 6 |  7- 9 | 10-12 || total
-------------------------+-------+-------+-------+-------++-------
Melee: War axe           |   106 |   165 |   187 |       ||   458
       Punch             |     2 |       |     2 |     3 ||     7
       Broad axe         |       |       |    76 |   391 ||   467
 Fire: Sling             |       |       |    14 |       ||    14
       Shortbow          |       |       |     6 |    60 ||    66
Throw: Throwing net      |     3 |     2 |     3 |     2 ||    10
       Javelin           |     1 |       |     8 |     9 ||    18
       Dart              |       |       |     5 |    20 ||    25
 Cast: Necrotise         |       |       |       |    13 ||    13
       Call Canine Famil |       |       |       |     2 ||     2
Invok: Slouch            |       |       |       |     3 ||     3
 Abil: Evoke Blink       |       |       |       |     3 ||     3
Evoke: Wand              |       |       |     2 |    13 ||    15
       Phantom mirror    |       |       |       |     1 ||     1
  Use: Potion            |       |     3 |     4 |     2 ||     9
       Scroll            |       |       |     5 |    15 ||    20
 Stab: Held in net/web   |     1 |     1 |     5 |       ||     7
       Distracted        |       |       |     1 |     3 ||     4
       Sleeping          |       |       |       |     1 ||     1
Armor: Leather armour    |    30 |    11 |       |   103 ||   144
       Chain mail        |       |    61 |   162 |    88 ||   311
Dodge: Dodged            |    66 |    79 |   131 |   235 ||   511

Table legend: (Time is in decaauts)
 A = Elapsed time spent in this place.
 B = Non-inter-level travel time spent in this place.
 C = Inter-level travel time spent in this place.
 D = Time resting spent in this place.
 E = Time spent auto-exploring this place.
 F = Levels seen in this place.
 G = Mean time per level.
                   A        B        C        D        E       F      G
               +--------+--------+--------+--------+--------+-----+--------+
         Total |  21470 |  20173 |   1297 |   3564 |  11725 |  14 | 1533.6 |
       Dungeon |  20744 |  19447 |   1297 |   3261 |  11725 |  13 | 1595.7 |
        Bailey |    725 |    725 |      0 |    302 |      0 |   1 |  725.0 |
               +--------+--------+--------+--------+--------+-----+--------+

Top non-repeatable levels by time:
    D:10: 2797 daAuts
    D:12: 2584 daAuts
     D:8: 2317 daAuts
     D:9: 1858 daAuts
     D:6: 1745 daAuts
     D:4: 1641 daAuts
     D:1: 1618 daAuts
     D:3: 1411 daAuts
     D:5: 1236 daAuts
    D:11: 1235 daAuts
     D:2: 1202 daAuts
     D:7: 952 daAuts
  Bailey: 725 daAuts
    D:13: 141 daAuts
